 Dungeon Crawl Stone Soup version 0.24.0-37-gcf1ca852f1 (webtiles) character file.

Game seed: 6130786831169918396, levelgen mode: deterministic

406 Delamore the Cleaver (level 6, -3/51 HPs)
             Began as a Hill Orc Fighter on Nov 29, 2019.
             Killed by divine providence
             ... invoked by an orc priest
              (11 damage)
             ... on level 3 of the Dungeon.
             The game lasted 00:03:24 (2638 turns).

Delamore the Cleaver (Hill Orc Fighter)             Turns: 2638, Time: 00:03:25

Health: -3/51      AC:  6    Str: 21    XL:     6   Next: 87%
Magic:  6/6        EV:  8    Int:  8    God:
Gold:   157        SH:  9    Dex: 10    Spells: 5/5 levels left

rFire    . . .     SeeInvis .   a - +0 war axe
rCold    . . .     Gourm    .   c - +0 shield
rNeg     . . .     Faith    .   o - +0 ring mail
rPois    .         Spirit   .   n - +1 hat
rElec    .         Reflect  .   (no cloak)
rCorr    .         Harm     .   (no gloves)
MR       .....                  (no boots)
Stlth    ..........             (no amulet)
HPRegen  0.17/turn              (no ring)
MPRegen  0.10/turn              (no ring)

@: no status effects
A: no striking features
a: Convert to Beogh


You were on level 3 of the Dungeon.
You were not hungry.

You visited 1 branch of the dungeon, and saw 3 of its levels.

You collected 157 gold pieces.

Inventory:

Hand Weapons
 a - a +0 war axe (weapon)
Missiles
 v - 7 datura-tipped darts (quivered)
Armour
 c - a +0 shield (worn)
 n - a +1 hat (worn)
 o - a +0 ring mail (worn)
Scrolls
 b - a scroll of identify
 g - 7 scrolls of remove curse
 h - a scroll of teleportation {unknown}
 i - a scroll of enchant armour {unknown}
 k - a scroll of amnesia {unknown}
 q - a scroll of random uselessness {unknown}
 r - a scroll of noise {unknown}
 t - a scroll of fear {unknown}
Potions
 d - 2 potions of might
 e - a potion of agility {unknown}
 j - a potion of heal wounds
 l - a potion of resistance
 m - a potion of haste {unknown}
 p - 2 potions of degeneration {unknown}
 s - a potion of ambrosia {unknown}
 u - a potion of brilliance {unknown}
Comestibles
 f - 4 rations
 w - 2 chunks of flesh


   Skills:
 - Level 3.6 Fighting
 + Level 9.3 Axes
 - Level 3.2 Armour
 - Level 3.2 Shields


You had 5 spell levels left.
You didn't know any spells.
Your spell library was empty.

Dungeon Overview and Level Annotations

Branches:
Dungeon (3/15)

Altars:


Message History

You barely miss the orc wizard.
The orc wizard is severely wounded.
The orc wizard hits you with a +2 dagger of speed.
* * * LOW HITPOINT WARNING * * *
The orc wizard hits you but does no damage.
You slash the orc wizard!
You kill the orc wizard!
You barely miss the hobgoblin.
The hobgoblin hits you but does no damage.
You hit the hobgoblin.
The hobgoblin is almost dead.
You block the hobgoblin's attack.
The orc priest looks braver for a moment.
You closely miss the hobgoblin.
The hobgoblin is almost dead.
The orc priest shouts, "Surrender to Beogh and we'll let you live!"
You block the hobgoblin's attack.
The orc priest invokes the aid of Beogh against you.
Beogh smites you!
You die...

##.#### #).#
.#####.##################.#######
..............#..........[.......
..............#..##...#....####..
..............#.# #...#....# ###
..............#.###..##....######
..............#......###.......)#
..............#.....## #...#....#
..............#.@.### #...#....#
..............#g### ##..##...#
..............#o.s.# #..####.#
..............#g.K...$# ##.......
..............#..g....) ##......
..............#........ ###....
..............#.###.### ####.
..............#.# .. ##
..............#.# ..


You could see an orc priest and 2 hobgoblins.

Vanquished Creatures
  Sigmund (D:2)
  A centaur (D:2)
  An orc wizard (D:3)
  Jessica (D:2)
  Robin (D:2)
  2 adders
  An ooze (D:1)
  2 worms (D:2)
  3 leopard geckos
  4 orcs (D:3)
  8 bats
  4 giant cockroaches
  13 goblins
  10 hobgoblins
  4 jackals
  3 quokkas (D:2)
  A ball python (D:3)
  5 frilled lizards
  2 kobolds
  7 rats
74 creatures vanquished.

Notes
Turn   | Place    | Note
-------+----------+-------------------------------------------
     0 | D:1      | Delamore the Hill Orc Fighter began the quest for the Orb.
     0 | D:1      | Reached XP level 1. HP: 19/19 MP: 1/1
    48 | D:1      | Reached skill level 3 in Axes
   296 | D:1      | Reached XP level 2. HP: 26/26 MP: 2/2
   358 | D:1      | Reached skill level 4 in Axes
   724 | D:2      | Reached XP level 3. HP: 24/31 MP: 3/3
  1122 | D:2      | Reached skill level 5 in Axes
  1134 | D:2      | Noticed Jessica
  1140 | D:2      | Killed Jessica
  1140 | D:2      | Reached XP level 4. HP: 37/39 MP: 4/4
  1157 | D:2      | Noticed Robin
  1173 | D:2      | Reached skill level 6 in Axes
  1177 | D:2      | Killed Robin
  1510 | D:2      | Noticed a centaur
  1524 | D:2      | Killed a centaur
  1524 | D:2      | Reached skill level 7 in Axes
  1524 | D:2      | Reached XP level 5. HP: 27/45 MP: 5/5
  1704 | D:2      | Noticed Sigmund
  1990 | D:2      | Killed Sigmund
  1990 | D:2      | Reached skill level 9 in Axes
  1990 | D:2      | Reached XP level 6. HP: 29/51 MP: 6/6
  2638 | D:3      | Killed from afar by an orc priest

Levels and vault maps discovered:
D:1:      enne_arrival_octagon_isle, layout_basic
D:2:      layout_rooms, first_ration, minmay_bisected, uniq_robin, uniq_sigmund,
          uniq_jessica
D:3:      minmay_recursive_quarters, layout_basic, uniq_ijyb

Skill      XL: |  1  2  3  4  5 |
---------------+----------------+-----
Axes           | 3 4 5 7 9 |  9.3
Fighting       | |  3.6
Armour         | |  3.2
Shields        | |  3.2

Action                   |  1- 3 |  4- 6 || total
-------------------------+-------+-------++-------
Melee: War axe           |    69 |   139 ||   208
  Use: Scroll            |       |     3 ||     3
  Eat: Chunk             |       |     6 ||     6
Armor: Scale mail        |    50 |       ||    50
       Ring mail         |     7 |    54 ||    61
Dodge: Dodged            |    38 |    53 ||    91
Block: Shield            |    57 |    77 ||   134
